 Dungeon Crawl Stone Soup version 0.14.2 (webtiles) character file.

119 Stagor the Ruinous (level 3, -3/19 HPs)
             Began as a Tengu Wizard on Feb 8, 2016.
             Slain by an orc wizard
             ... wielding a +0,+0 club
              (4 damage)
             ... while paralysed by a potion of paralysis
             ... on Level 4 of the Dungeon.
             The game lasted 00:09:16 (1679 turns).

Stagor the Ruinous (Tengu Wizard)                   Turns: 1679, Time: 00:09:16

HP  -3/19        AC  3     Str  7      XL: 3   Next: 56%
MP   0/7         EV  2     Int 19      God:
Gold 77          SH  0     Dex 12      Spells:  1 memorised,  7 levels left

rFire  + . .     SeeInvis .     h - +1 short sword (venom)
rCold  + . .     Clarity  .     a - +0 robe
rNeg   . . .     Conserve .     (no shield)
rPois  +         rCorr    .     b - +0 hat
rElec  +         rRot     .     p - +0 cloak
SustAb . .       Spirit   .     (no gloves)
rMut   .         Warding  .     (boots unavailable)
Saprov . . .     Stasis   .     (no amulet)
MR     .....                    (no ring)
                                (no ring)

@: paralysed, not resistant to hostile enchantments, fairly stealthy
A: antennae 1, beak, talons 3, low mp 1, slow metabolism 1
a: no special abilities


You were on level 4 of the Dungeon.
You were not hungry.

You visited 1 branch of the dungeon, and saw 3 of its levels.

You collected 77 gold pieces.

Inventory:

Hand weapons
 h - a +1,+1 short sword of venom (weapon)
Missiles
 e - 34 stones (quivered)
Armour
 a - a +0 robe (worn)
 b - a +0 hat (worn)
 p - a +0 cloak (worn)
 v - a +0 robe
Comestibles
 d - a bread ration
 g - a meat ration
 s - a slice of pizza
Scrolls
 j - 2 scrolls of blinking {unknown}
 m - 2 scrolls of enchant armour {unknown}
 n - a scroll of immolation {unknown}
 o - a scroll of recharging {unknown}
 u - a scroll of fog {unknown}
 w - a scroll of identify {unknown}
Jewellery
 q - an uncursed ring of poison resistance {unknown}
Potions
 f - a potion of porridge
 t - a potion of agility {unknown}
Books
 c - a book of Minor Magic

   Spells                             Type                      Level
   *Magic Dart                        Conjuration                  1
   Blink                              Translocation                2
   Call Imp                           Summoning                    2
   Repel Missiles                     Charms/Air                   2
   Slow                               Hexes                        2
   Conjure Flame                      Conjuration/Fire             3
   Mephitic Cloud                     Conjuration/Poison/Air       3


   Skills:
 - Level 2.1 Dodging
 - Level 2.0 Stealth
 + Level 0.9 Unarmed Combat
 - Level 3.0 Spellcasting
 + Level 4.2 Conjurations
   Level 1.2 Summonings
   Level 0.7 Translocations


You had 7 spell levels left.
You knew the following spells:

 Your Spells              Type           Power        Failure   Level  Hunger
a - Magic Dart            Conj           ###.         3%          1    None


Dungeon Overview and Level Annotations

Branches:
Dungeon (4/15)
 Temple: D:4-7

Altars:


Innate Abilities, Weirdness & Mutations

You have a beak for a mouth.
You have claws for feet.
You have a pair of small antennae on your head.
Your magical capacity is low (-10% MP).
You have a slow metabolism.


Message History

Drink which item? (? for menu, Esc to quit)
You can't drink that!
Drink which item? (? for menu, Esc to quit)
You feel extremely strange. A pair of antennae grows on your head!
You feel less energetic.
Your metabolism slows.
It was a potion of mutation.
The worker ant bites you but does no damage.
The orc wizard misses you.
Drink which item? (? for menu, Esc to quit)
You feel protected.
It was a potion of resistance.
The worker ant bites you.
* * * LOW HITPOINT WARNING * * *
The orc wizard closely misses you.
Drink which item? (? for menu, Esc to quit)
You suddenly lose the ability to move!
It was a potion of paralysis.
The worker ant bites you.
* * * LOW HITPOINT WARNING * * *
The orc wizard hits you with a club.
You die...

. #.. ... .) .
.. ..# #. ...#
#. ..$.#
#.######.).....
#..o@a.........
##########..>..
#


You could see a worker ant and an orc wizard.

Vanquished Creatures
  2 adders (D:2)
  2 orcs (D:4)
  5 bats
  A giant cockroach (D:2)
  2 hobgoblins
  A giant newt (D:1)
  6 goblins
  2 kobolds (D:1)
  2 rats (D:2)
23 creatures vanquished.

Notes
Turn   | Place    | Note
--------------------------------------------------------------
     0 | D:1      | Stagor, the Tengu Wizard, began the quest for the Orb.
     0 | D:1      | Reached XP level 1. HP: 10/10 MP: 4/4
   436 | D:1      | Reached XP level 2. HP: 15/15 MP: 5/7
  1081 | D:2      | Reached XP level 3. HP: 19/19 MP: 5/8
  1201 | D:2      | Reached skill level 4 in Conjurations
  1655 | D:2      | You fall through a shaft!
  1677 | D:4      | Gained mutation: You have a pair of small antennae on your head. [potion of mutation]
  1677 | D:4      | Gained mutation: Your magical capacity is low (-10% MP). [potion of mutation]
  1677 | D:4      | Gained mutation: You have a slow metabolism. [potion of mutation]
  1679 | D:4      | Paralysed by a potion of paralysis for 5 turns
  1679 | D:4      | Slain by an orc wizard

Action                   || total
-------------------------++-------
Melee: Unarmed           ||     1
       Short sword       ||     5
 Cast: Magic Dart        ||    52
  Use: Potion            ||     3
